 Dungeon Crawl Stone Soup version 0.26-a0-631-ged93497179 (webtiles) character file.

Game seed: 9742169160079134852

166 IcyTea the Slasher (level 5, 39/41 HPs)
             Began as a Draconian Warper on Sept 12, 2020.
             Was an Elder of Jiyva.
             Quit the game on level 3 of the Dungeon.
             The game lasted 00:12:13 (3971 turns).

IcyTea the Slasher (Draconian Warper)               Turns: 3971, Time: 00:12:14

Health: 39/41      AC:  5    Str: 10    XL:     5   Next: 22%
Magic:  8/8        EV: 12    Int: 14    God:    Jiyva [****..]
Gold:   154        SH:  0    Dex: 14    Spells: 0/8 levels left

rFire    . . .     SeeInvis .   a - +0 falchion
rCold    . . .     Faith    .   (no shield)
rNeg     . . .     Spirit   .   (armour unavailable)
rPois    .         Reflect  .   (helmet restricted)
rElec    .         Harm     .   (no cloak)
rCorr    +         Rampage  .   (no gloves)
MR       .....                  (no boots)
Stlth    +.........             (no amulet)
HPRegen  0.13/turn              (no ring)
MPRegen  0.11/turn              (no ring)

@: no status effects
A: unfitting armour, antennae 1, cold-blooded, AC +5
a: Request Jelly, Slimify, Renounce Religion


You were on level 3 of the Dungeon.
You worshipped Jiyva.
Jiyva was greatly pleased with you.
You visited 1 branch of the dungeon, and saw 3 of its levels.

You collected 154 gold pieces.

Inventory:

Hand Weapons
 a - a +0 falchion (weapon)
Missiles
 d - 5 boomerangs of dispersal (quivered)
 f - a boomerang
 k - a throwing net
Scrolls
 b - 3 scrolls of enchant weapon {unknown}
 c - a scroll of blinking
 e - a scroll of immolation {unknown}
 g - 2 scrolls of identify
 h - a scroll of magic mapping {unknown}
 j - 2 scrolls of remove curse


   Skills:
 - Level 2.1 Fighting
 + Level 4.7 Long Blades
 - Level 0.8 Throwing
 - Level 2.1 Dodging
 - Level 2.0 Spellcasting
 - Level 4.0 Translocations


You couldn't memorise any spells.
You knew the following spells:

 Your Spells              Type           Power        Failure   Level
a - Blink                 Tloc           N/A          7%          2
b - Gell's Gravitas       Tloc           ##........   14%         3
c - Teleport Other        Tloc           ##......     14%         3

Your spell library contained the following spells:

 Spells                   Type           Power        Failure   Level
 Lesser Beckoning         Tloc           ##........   14%         3
 Passage of Golubria      Tloc           N/A          41%         4


Dungeon Overview and Level Annotations

Branches:
Dungeon (3/15)

Altars:
Xom
Jiyva

Annotations:
D:3 3 runed translucent doors


Innate Abilities, Weirdness & Mutations

Your plain brown scales are hard. (AC +5)
You cannot fit into any form of body armour.
You are cold-blooded and may be slowed by cold attacks.
You have a pair of small antennae on your head.


Message History

You feel as though nothing has changed. Jiyva appreciates your sacrifice.
The kobold hits you but does no damage.
You closely miss the kobold. The kobold barely misses you.
You closely miss the kobold. The kobold hits you but does no damage.
You barely miss the kobold.
You hear a distant slurping noise.
Jiyva appreciates your sacrifice. The kobold misses you.
You riposte.
You closely miss the kobold. You tail-slap the kobold.
The kobold is severely wounded.
You hit the kobold.
You kill the kobold!
You swap places.
You see here a +0 short sword.
A hobgoblin comes into view.
The hobgoblin shouts!
You hear a slurping noise.
You feel a little less hungry.
Are you sure you want to abandon this character and quit the game? (Confirm with "yes".)

#...## 8...8 #...#
#.g.# ##...##
######### #8...8#
........ #...####
###......
#@..##8###8#......
##.................
#8.................
##...J.............
#...##8###8#......
#...#### ###......
#8...8 #.......
##...## #.......
#...# ########


You could see a hobgoblin and a neutral jelly (wandering) (fellow slime).

Vanquished Creatures
  An orc wizard (D:3)
  2 adders (D:2)
  2 oozes
  A worm (D:3)
  2 dart slugs
  A leopard gecko (D:1)
  9 orcs
  8 bats
  2 giant cockroaches (D:1)
  9 hobgoblins
  6 jackals
  3 kobolds
  2 ball pythons
  11 goblins
  9 rats
68 creatures vanquished.

Vanquished Creatures (others)
  An orc priest (D:3)
  Terence (D:2)
  Robin (D:2)
  2 adders (D:2)
  3 worms
  2 dart slugs
  2 orcs (D:3)
  4 goblins
  4 hobgoblins (D:2)
  A ball python (D:3)
  A bat (D:2)
  2 frilled lizards
  A rat (D:2)
25 creatures vanquished.

Grand Total: 93 creatures vanquished

Notes
Turn   | Place    | Note
-------+----------+-------------------------------------------
     0 | D:1      | IcyTea the Draconian Warper began the quest for the Orb.
     0 | D:1      | Reached XP level 1. HP: 17/17 MP: 3/3
    44 | D:1      | Reached XP level 2. HP: 8/24 MP: 5/5
   851 | D:1      | Reached XP level 3. HP: 29/29 MP: 6/6
   882 | D:1      | Learned a level 2 spell: Blink
   886 | D:1      | Learned a level 3 spell: Gell's Gravitas
  1386 | D:2      | Found a faded altar of an unknown god.
  1394 | D:2      | Became a worshipper of Jiyva Janenlai the Shapeless
  1394 | D:2      | Reached * piety under Jiyva
  1572 | D:2      | Reached XP level 4. HP: 16/36 MP: 7/7
  1706 | D:2      | Noticed Robin
  1752 | D:2      | Killed Robin
  1758 | D:2      | Reached ** piety under Jiyva
  1970 | D:2      | Noticed Terence
  2009 | D:2      | HP: 1/36 [Terence/+0 morningstar (2)]
  2013 | D:2      | Killed Terence
  2448 | D:2      | Found a shimmering altar of Xom.
  2734 | D:3      | Found a runed translucent gate.
  2734 | D:3      | Found a runed translucent gate.
  2734 | D:3      | Found a runed translucent gate.
  3049 | D:2      | Reached *** piety under Jiyva
  3260 | D:3      | Reached XP level 5. HP: 28/41 MP: 8/8
  3267 | D:3      | Learned a level 3 spell: Teleport Other
  3762 | D:3      | Gained mutation: You have a pair of small antennae on your
                  | head. [Jiyva's grace]
  3957 | D:3      | Reached **** piety under Jiyva
  3971 | D:3      | Quit the game

Illustrated notes

Levels and vault maps discovered:
D:1:      ncdulo_smallfort, layout_basic, minmay_misc_feat_tiny
D:2:      minmay_skewed_foursquare, layout_loops_corners,
          chequers_ecumenical_altar_simple, tgw_xom, uniq_terence, uniq_robin
D:3:      layout_basic, serial_corexii_hall, chequers_hall_statues_y,
          chequers_hall_statues_corner_a, corexii_hall_statues_t,
          corexii_hall_statues_t, gammafunk_ghost_icy, minmay_checkerbox

Skill      XL: |  1  2  3  4 |
---------------+-------------+-----
Long Blades    | 3 4 |  4.7
Translocations | 4 |  4.0
Fighting       | |  2.1
Throwing       | |  0.8
Dodging        | |  2.1
Spellcasting   | |  2.0

Action                   |  1- 3 |  4- 6 || total
-------------------------+-------+-------++-------
Melee: Falchion          |   116 |   160 ||   276
       Tailslap          |    12 |    20 ||    32
 Cast: Gell's Gravitas   |     2 |       ||     2
Invok: Request Jelly     |       |     1 ||     1
  Use: Potion            |     2 |     2 ||     4
       Scroll            |       |     3 ||     3
 Stab: Sleeping          |     1 |       ||     1
Armor: Skin              |    43 |    41 ||    84
Dodge: Dodged            |   108 |   109 ||   217
       Rpst.: Falchion   |    26 |    30 ||    56

Table legend: (Time is in decaauts)
 A = Elapsed time spent in this place.
 B = Non-inter-level travel time spent in this place.
 C = Inter-level travel time spent in this place.
 D = Time resting spent in this place.
 E = Time spent auto-exploring this place.
 F = Levels seen in this place.
 G = Mean time per level.
                   A        B        C        D        E       F      G
               +--------+--------+--------+--------+--------+-----+--------+
         Total |   4018 |   3958 |     60 |   1402 |   1451 |   3 | 1339.3 |
       Dungeon |   4018 |   3958 |     60 |   1402 |   1451 |   3 | 1339.3 |
               +--------+--------+--------+--------+--------+-----+--------+

Top non-repeatable levels by time:
     D:2: 2193 daAuts
     D:1: 1207 daAuts
     D:3: 617 daAuts
